 Dungeon Crawl Stone Soup version 0.26-a0-812-g31a745ddcd (webtiles) character file.

Game seed: 175858058947673996

1757 funkygono the Thaumaturge (level 8, -7/42 HPs)
             Began as a Deep Elf Air Elementalist on Nov 24, 2020.
             Mangled by Prince Ribbit (16 damage)
             ... on level 6 of the Dungeon.
             The game lasted 00:17:45 (6889 turns).

funkygono the Thaumaturge (DEAE)                    Turns: 6889, Time: 00:17:47

Health: -7/42      AC:  3    Str:  5    XL:     8   Next: 79%
Magic:  19/23      EV: 14    Int: 23    God:
Gold:   346        SH:  0    Dex: 21    Spells: 9/25 levels left

rFire    . . .     SeeInvis .   x - +2 whip (freeze)
rCold    . . .     Faith    .   (no shield)
rNeg     . . .     Spirit   .   a - +0 robe
rPois    .         Reflect  .   (no helmet)
rElec    .         Harm     .   (no cloak)
rCorr    .         Rampage  .   (no gloves)
MR       .....                  o - +0 pair of boots
Stlth    +++.......             s - amulet of magic regeneration
HPRegen  0.14/turn              v - ring of wizardry
MPRegen  0.43/turn              w - +6 ring of dexterity

@: very slightly contaminated
A: no striking features
a: no special abilities


You were on level 6 of the Dungeon.
You visited 1 branch of the dungeon, and saw 6 of its levels.

You collected 346 gold pieces.

Inventory:

Hand Weapons
 c - a +0 whip
 r - a +0 dagger
 x - a +2 whip of freezing (weapon)
Missiles
 b - 127 stones (quivered)
Armour
 a - a +0 robe (worn)
 f - a scarf of shadows
 o - a +0 pair of boots (worn)
Jewellery
 h - an uncursed amulet of regeneration
 s - an amulet of magic regeneration (around neck)
 v - a ring of wizardry (left hand)
 w - a +6 ring of dexterity (right hand)
Scrolls
 k - 3 scrolls of identify
 l - 3 scrolls of teleportation
 m - 2 scrolls of remove curse
 p - a scroll of magic mapping
 q - a scroll of amnesia
 u - a scroll of enchant armour {unknown}
Potions
 d - a potion of flight {unknown}
 e - 12 potions of curing
 g - a potion of might
 i - 2 potions of haste
 j - 2 potions of brilliance
 n - 2 potions of attraction
 t - a potion of lignification


   Skills:
 + Level 0.5 Fighting
 + Level 3.1 Dodging
 + Level 3.2 Stealth
 * Level 9.4 Spellcasting
 * Level 6.2 Conjurations
 * Level 7.2 Air Magic


You had 9 spell levels left.
You knew the following spells:

 Your Spells              Type           Power        Failure   Level
a - Shock                 Conj/Air       ####         1%          1
b - Swiftness             Air            #####...     1%          2
c - Static Discharge      Conj/Air       #####...     1%          3
d - Airstrike             Air            #####.....   1%          4
e - Lightning Bolt        Conj/Air       #####.....   4%          5
f - Magic Dart            Conj           ####         1%          1

Your spell library contained the following spells:

 Spells                   Type           Power        Failure   Level
 Conjure Flame            Conj/Fire      ####....     1%          3
 Dazzling Flash           Conj/Hex       ####..       1%          3
 Mephitic Cloud           Conj/Pois/Air  ####....     1%          3
 Corona                   Hex            ##.....      2%          1
 Blink                    Tloc           N/A          3%          2
 Call Imp                 Summ           ##......     3%          2
 Ensorcelled Hibernation  Hex/Ice        ##....       3%          2
 Slow                     Hex            ##......     3%          2
 Confusing Touch          Hex            ##......     8%          3
 Tukima's Dance           Hex            ##......     8%          3


Dungeon Overview and Level Annotations

Branches:
Dungeon (6/15)
 Temple: D:4-7

Altars:
Ashenzari
Dithmenos
Gozag
Hepliaklqana
Nemelex Xobeh
Wu Jian

Annotations:
D:6 Prince Ribbit


Message History

The zap hits Prince Ribbit.
Prince Ribbit is moderately wounded.
Prince Ribbit hits you!
Casting: Shock (safe; 1% risk of failure)
Confirm with . or Enter, or press ? or * to list all spells.
Aiming: Shock (safe; 1% risk of failure)
Press: ? - help, Shift-Dir - straight line, f/p - Prince Ribbit
Aim: Prince Ribbit (moderately wounded)
The zap misses Prince Ribbit.
Prince Ribbit barely misses you. Prince Ribbit hits you!
* * * LOW HITPOINT WARNING * * *
Casting: Shock (safe; 1% risk of failure)
Confirm with . or Enter, or press ? or * to list all spells.
Aiming: Shock (safe; 1% risk of failure)
Press: ? - help, Shift-Dir - straight line, f/p - Prince Ribbit
Aim: Prince Ribbit (moderately wounded)
The zap hits Prince Ribbit.
Prince Ribbit is moderately wounded.
Prince Ribbit hits you!
You die...

#.....†.......#..#.###.####...
#.............#..#..##........
#............##..##.##......##
#.......)....##......#......#
#............##.####.#......##
#............##...............
#............#######....###.#.
#............##### #<...# #.#.
######......F@[[.# ###..# #.#.
#.....#####)# #..# ....
#.....# #'# #.. ..#. #.....#
.K5 ...#. #.....# ..5.> .#.#.
####### ....... ....#+
......... #.........#
#.........#


You could see Prince Ribbit.

Vanquished Creatures
  Pikel (D:6)
  Grinder (D:4)
  An ice beast (D:6)
  3 phantoms
  An ogre (D:5)
  4 lemures (D:6)
  A scorpion (D:5)
  A howler monkey (D:6)
  A hound (D:4)
  2 jellies
  An orc priest (D:4)
  2 orc wizards
  2 iguanas (D:4)
  Natasha (thrice) (D:2)
  Terence (D:2)
  8 gnolls
  7 adders
  A shadow imp (D:6)
  3 white imps
  An ufetubus (D:5)
  An ooze (D:1)
  2 worms
  10 dart slugs
  2 leopard geckos
  15 orcs
  2 ball pythons
  3 bats
  3 giant cockroaches
  7 goblins
  12 hobgoblins
  7 jackals
  8 kobolds
  5 frilled lizards
  A giant cockroach zombie (D:5)
  A leopard gecko skeleton (D:4)
  A quokka skeleton (D:5)
  13 rats
138 creatures vanquished.

Notes
Turn   | Place    | Note
-------+----------+-------------------------------------------
     0 | D:1      | funkygono the Deep Elf Air Elementalist began the quest for
                  | the Orb.
     0 | D:1      | Reached XP level 1. HP: 10/10 MP: 6/6
   293 | D:1      | Reached XP level 2. HP: 15/15 MP: 4/8
   303 | D:1      | Learned a level 2 spell: Swiftness
   868 | D:1      | Reached XP level 3. HP: 19/19 MP: 7/9
   873 | D:1      | Learned a level 3 spell: Static Discharge
  1525 | D:2      | Noticed Natasha
  1532 | D:2      | Killed Natasha
  1532 | D:2      | Reached XP level 4. HP: 11/24 MP: 4/11
  1664 | D:2      | Learned a level 4 spell: Airstrike
  1751 | D:2      | Noticed Terence
  1756 | D:2      | Killed Terence
  1756 | D:2      | Reached skill level 4 in Spellcasting
  1861 | D:2      | Reached XP level 5. HP: 14/28 MP: 2/13
  1983 | D:2      | Noticed Natasha
  1988 | D:2      | Killed Natasha
  1988 | D:2      | Reached skill level 5 in Spellcasting
  2077 | D:2      | Noticed Natasha
  2083 | D:2      | Killed Natasha
  2681 | D:2      | Found a shadowy altar of Dithmenos.
  2709 | D:2      | Found a hazy altar of Hepliaklqana.
  3067 | D:2      | Reached XP level 6. HP: 16/32 MP: 12/16
  3074 | D:2      | Learned a level 5 spell: Lightning Bolt
  4107 | D:4      | Reached skill level 5 in Air Magic
  4146 | D:4      | Reached skill level 6 in Spellcasting
  4287 | D:4      | Learned a level 1 spell: Magic Dart
  4639 | D:4      | Noticed Grinder
  4652 | D:4      | Paralysed by Grinder for 7 turns
  4664 | D:4      | Killed Grinder
  4664 | D:4      | Reached XP level 7. HP: 32/36 MP: 10/19
  4752 | D:4      | Reached skill level 7 in Spellcasting
  4823 | D:4      | Found an ornate altar of the Wu Jian Council.
  4871 | D:4      | Found a broken altar of Ashenzari.
  5496 | D:5      | Entered Level 5 of the Dungeon
  5818 | D:5      | Found an opulent altar of Gozag.
  5822 | D:5      | Reached XP level 8. HP: 33/41 MP: 17/21
  5832 | D:5      | Reached skill level 8 in Spellcasting
  5832 | D:5      | Reached skill level 5 in Conjurations
  6478 | D:6      | Found a sparkling altar of Nemelex Xobeh.
  6694 | D:6      | Noticed Pikel
  6713 | D:6      | Killed Pikel
  6713 | D:6      | Reached skill level 9 in Spellcasting
  6883 | D:6      | Noticed Prince Ribbit
  6889 | D:6      | Mangled by Prince Ribbit

Illustrated notes

Levels and vault maps discovered:
D:1:      kennysheep_arrival_forest, layout_loops_cross
D:2:      layout_basic, nicolae_dithmenos_through_a_glass_darkly,
          lemuel_round_altar, uniq_natasha, uniq_terence
D:3:      layout_rooms, serial_curves, eino_curves_02, eino_curves_01
D:4:      minmay_diamond_boxcup, layout_cave_pods, lemuel_crystal_altar,
          lemuel_round_altar, nicolae_zen_rock_garden, roderic_lattice_a,
          uniq_grinder
D:5:      layout_basic, lemuel_doored_altar
D:6:      layout_basic, nemelex_altar_shiori, uniq_duvessa, uniq_prince_ribbit1,
          uniq_pikel

Skill      XL: |  1  2  3  4  5  6  7  8 |
---------------+-------------------------+-----
Conjurations   | 2 3 4 6 |  6.2
Air Magic      | 4 5 6 7 |  7.2
Spellcasting   | 4 5 6 7 9 |  9.4
Stealth        | 3 |  3.2
Dodging        | 3 |  3.1
Fighting       | |  0.5

Action                   |  1- 3 |  4- 6 |  7- 9 || total
-------------------------+-------+-------+-------++-------
Melee: Whip              |     2 |       |       ||     2
 Cast: Shock             |    71 |   171 |   128 ||   370
       Static Discharge  |     1 |       |       ||     1
       Airstrike         |       |     1 |       ||     1
       Magic Dart        |       |     3 |       ||     3
  Use: Scroll            |     1 |    10 |     4 ||    15
       Potion            |       |       |     2 ||     2
Armor: Robe              |     3 |     2 |     3 ||     8
Dodge: Dodged            |    18 |    26 |    14 ||    58

Table legend: (Time is in decaauts)
 A = Elapsed time spent in this place.
 B = Non-inter-level travel time spent in this place.
 C = Inter-level travel time spent in this place.
 D = Time resting spent in this place.
 E = Time spent auto-exploring this place.
 F = Levels seen in this place.
 G = Mean time per level.
                   A        B        C        D        E       F      G
               +--------+--------+--------+--------+--------+-----+--------+
         Total |   6899 |   6748 |    151 |    246 |   5614 |   6 | 1149.8 |
       Dungeon |   6899 |   6748 |    151 |    246 |   5614 |   6 | 1149.8 |
               +--------+--------+--------+--------+--------+-----+--------+

Top non-repeatable levels by time:
     D:2: 1719 daAuts
     D:1: 1508 daAuts
     D:4: 1436 daAuts
     D:5: 922 daAuts
     D:3: 844 daAuts
     D:6: 468 daAuts
